Unix NetHack Version 5.0.0-0 post-release - last build Jul 19 2026 19:10:59 (3aa4ab31751d3886436d94b585a96704892fd477,branch:main).

Game began 2026-07-25 04:36:20, ended 2026-07-30 18:58:30.

KnightLite, neutral female gnomish Wizard

                          -----            -------
                          |...------     --|%.%..|
                          |......).|     |.-.....|
                          |........|     |-|..%.%|--
                          -------.----   |?-.%.%(%+|
                           |....[....--  |-|.....|.|
                           |...)......|  |.-.....|.|
                           |...[...[..|  --|.....|.|
                          -----)--------   ------|.|
                          |............|         |.|
                          |............|         |.|
                          --------.----|         |.|
                           |0....)....0|         |.|
                           |.....[.[...|         |.|
                          -------.------         |.|
                          |.....%.----------------.|
                          |@f%%...^...........$....|
                          --------------------------
KnightLite the Thaumaturge  St:11 Dx:17 Co:17 In:19 Wi:12 Ch:9  Neutral
Dlvl:2  $:1288 HP:0(63) Pw:3(77) AC:9  Xp:8 T:7754 

Latest messages:
 The giant ant bites!
 The giant ant bites!
 You kill the giant ant!
 You see here a giant ant corpse.
 You see here a giant ant corpse.
 The giant ant bites!
 The giant ant bites!
 The giant ant bites!
 You kill the giant ant!
 You kill the jackal!
 You see here an ape corpse.
 You see here a jackal corpse.
 Click!  You trigger a rolling boulder trap!
 No boulder was released.
 You hit the gold golem!
 You hit the gold golem!
 The gold golem hits!
 The gold golem hits again!
 You hit the gold golem!
 The gold golem hits!
 The gold golem hits again!
 You hit the gold golem!
 You destroy the gold golem!
 In what direction? 6
 The spell hits the jaguar!
 You escape a rolling boulder trap.
 Click!  The jaguar triggers a rolling boulder trap.
 The jaguar hits!
 The jaguar hits again!
 The jaguar bites!
 Are you sure you want to pray? [yn] (n) y
 You begin praying to Thoth.
 You are surrounded by a shimmering light.
 The jaguar starts to attack you, but pulls back.
 The jaguar starts to attack you, but pulls back.
 The jaguar starts to attack you, but pulls back.
 The jaguar starts to attack you, but pulls back.
 You finish your prayer.
 You feel that Thoth is well-pleased.
 The jaguar hits!
 The jaguar hits again!
 The jaguar bites!
 You see here a jackal corpse.
 You see here an ape corpse.
 The jaguar hits!
 The jaguar hits again!
 The jaguar bites!
 The jaguar hits!
 You die...
 Do you want your possessions identified? [ynq] (y) q

Inventory:
 Coins    ('$')
  $ - 1288 gold pieces
 Weapons  (')')
  C - a blessed +1 sling
  F - a blessed +2 dagger
  G - 11 +0 daggers (at the ready)
  a - a blessed +1 quarterstaff (weapon in hands)
 Armor    ('[')
  l - an uncursed burnt +0 pair of leather gloves (being worn)
  x - an uncursed +0 pair of elven boots
  I - an uncursed +0 pair of kicking boots (being worn)
  b - an uncursed burnt +0 cloak of magic resistance (being worn)
  N - an uncursed +0 dwarvish mithril-coat
 Comestibles  ('%')
  f - an uncursed partly eaten food ration
  p - 2 uncursed fortune cookies
  W - an uncursed tripe ration
 Potions  ('!')
  V - an uncursed potion of gain level
 Rings    ('=')
  j - an uncursed -1 ring of increase accuracy
  k - a blessed +3 ring of increase damage (on left hand)
  d - an uncursed ring of poison resistance (on right hand)
  e - an uncursed ring of searching
  y - an uncursed ring of stealth
  Y - an uncursed ring of teleport control
 Wands    ('/')
  n - a wand of digging (0:4)
  r - a wand of light (0:15)
  h - a wand of light (0:11)
  X - a wand of opening (0:2)
 Tools    ('(')
  o - an uncursed bag of holding containing 12 items
  U - an empty uncursed oilskin sack
  M - a cursed brass lantern
  O - an uncursed lock pick
  m - a magic marker (0:19)
  t - an uncursed tallow candle
  v - a +0 unicorn horn
  s - an uncursed wax candle
 Gems/Stones  ('*')
  D - an uncursed worthless piece of blue glass
  u - an uncursed worthless piece of red glass
 Special
 (list likely candidates)

Contents of the bag of holding:
  an uncursed carrot
  an uncursed tripe ration
  an uncursed scroll of teleportation
  a cursed scroll of teleportation
  an uncursed scroll of identify
  an uncursed scroll of earth
  a blessed scroll of earth
  an uncursed scroll of confuse monster
  3 uncursed scrolls of enchant weapon
  2 uncursed potions of healing
  a cursed potion of extra healing
  an uncursed potion of water

KnightLite the Wizard's attributes:

Background:
 You were a Thaumaturge, a level 8 female gnomish Wizard.
 You were neutral, on a mission for Thoth
 who was opposed by Ptah (lawful) and Anhur (chaotic).
 You were left-handed.
 You were in Sokoban, on level 2.
 You entered the dungeon 7754 turns ago.
 There was a full moon in effect when your adventure ended.
 You had 1552 experience points, 1008 more were needed to attain level 9.

Basics:
 You had 0 out of 63 hit points.
 You had 3 out of 77 energy points (spell power).
 Your armor class was 9.
 Your wallet contained 1288 zorkmids.
 Autopickup was on for '0' plus thrown, with exceptions.

Final Characteristics:
 Your strength was 11 (limit:18/50).
 Your dexterity was 17 (limit:18).
 Your constitution was 17 (limit:18).
 Your intelligence was 19 (limit:19).
 Your wisdom was 12 (limit:18).
 Your charisma was 9 (limit:18).

Final Status:
 You weren't hungry.
 You were unencumbered.
 You were wielding a quarterstaff.
 You had basic skill with quarterstaff and could have enhanced that.

Final Attributes:
 You were piously aligned.
 You were magic-protected.
 You were poison resistant.
 You were telepathic.
 You had infravision.
 You had a small damage bonus (+3).
 You were warded.
 You were lucky.
 You are dead.

Miscellaneous:
 You didn't encounter any bones levels.
 Total elapsed playing time was 1 hour, 45 minutes and 27 seconds.

Major events:
 Turn
    1: KnightLite the neutral female gnomish Wizard entered the dungeon
 1511: entered the Gnomish Mines
 1699: attained the rank of Conjurer (level 3)
 2290: reached Mine Town
 4788: entered Sokoban
 5098: completed 1st Sokoban level
 5661: completed 2nd Sokoban level
 5998: completed 3rd Sokoban level
 6053: attained the rank of Thaumaturge (level 6)
 7136: completed 4th Sokoban level
 7754: killed by a jaguar

Spells:
 Name                 Level Category     Fail Retention
 force bolt             1   attack         0%   61%-65%
 chain lightning        2   attack         0%   61%-65%
 invisibility           4   escape        95%   51%-75%
 remove curse           3   clerical      68%   51%-75%
 healing                1   healing        0%   51%-75%

Skills:
 Fighting Skills
   bare handed combat [Unskilled]
   riding             [Unskilled]
 Weapon Skills
   dagger             [Unskilled]
   knife              [Unskilled]
   axe                [Unskilled]
   short sword        [Unskilled]
   club               [Unskilled]
   mace               [Unskilled]
   quarterstaff       [Basic]
   polearms           [Unskilled]
   spear              [Unskilled]
   trident            [Unskilled]
   sling              [Unskilled]
   dart               [Unskilled]
   shuriken           [Unskilled]
 Spellcasting Skills
   attack spells      [Skilled]
   healing spells     [Unskilled]
   divination spells  [Unskilled]
   enchantment spells [Basic]
   clerical spells    [Unskilled]
   escape spells      [Unskilled]
   matter spells      [Unskilled]

Voluntary challenges:
 Character rerolling was not enabled.
 You never genocided any monsters.
 You never polymorphed an object.
 You never changed form.
 You used no wishes.
 You did not violate any of the special Sokoban rules.
Achievements:
 You entered the Gnomish Mines.
 You attained the rank of Conjurer.
 You entered Minetown.
 You entered a shop.
 You entered a temple.
 You entered Sokoban.
 You attained the rank of Thaumaturge.

 The Dungeons of Doom: levels 1 to 6
    Level 1:
    Level 2:
       A sink.
       Stairs down to The Gnomish Mines.
    Level 3:
    Level 4:
    Level 5:
       Many fountains.
    Level 6:
       Stairs up to Sokoban, level 5.
 The Gnomish Mines: levels 3 to 5
    Level 3:
    Level 4:
    Level 5:
       Many shops, a temple and an altar to Thoth, many fountains.
 Sokoban: levels 5 up to 2
    Level 2: <- You were here.
       Solved.
       Final resting place for
          you, killed by a jaguar.
    Level 3:
       Solved.
    Level 4:
       Solved.
    Level 5:
       Solved.


Vanquished creatures:
  2 giant mimics
  2 wargs
  a small mimic
 an ettin mummy
  a large cat
 an elf mummy
  2 watchmen
  2 chameleons
  2 giant beetles
  a quivering blob
  a cockatrice
  a panther
  2 black lights
 an orc mummy
  a gold golem
  2 Green-elves
  2 lizards
  2 chickatrices
  a jaguar
  a blue jelly
  a white unicorn
  a dust vortex
  a raven
  a gnome mummy
  a snake
 an ape
  a human zombie
  2 imps
  a wood nymph
  a mountain nymph
  6 Mordor orcs
 an orc shaman
  8 gnome leaders
  2 gray oozes
 an elf zombie
  a straw golem
  8 giant ants
  3 floating eyes
  a kitten
  8 dwarves
  7 hill orcs
  6 rothes
  a rabid rat
  a centipede
  3 giant bats
  3 monkeys
  2 dwarf zombies
  4 iguanas
  2 acid blobs
  2 coyotes
  a gas spore
  2 hobbits
  2 large kobolds
  2 hobgoblins
  4 giant rats
  3 cave spiders
  a brown mold
  7 yellow molds
  a red mold
  7 gnomes
  a gnome zombie
  4 geckos
 11 jackals
  a fox
  2 kobolds
  4 sewer rats
 13 grid bugs
  2 bats
  8 lichens
  3 kobold zombies
 11 newts
200 creatures vanquished.

No species were genocided or became extinct.

Game over:
                       ----------
                      /          \
                     /    REST    \
                    /      IN      \
                   /     PEACE      \
                  /                  \
                  |    KnightLite    |
                  |     1288 Au      |
                  |   killed by a    |
                  |      jaguar      |
                  |                  |
                  |                  |
                  |       2026       |
                 *|     *  *  *      | *
        _________)/\\_//(\/(/\)/\//\/|_)_______

Goodbye KnightLite the Wizard...

You died in Sokoban on dungeon level 2 with 7628 points,
and 1288 pieces of gold, after 7754 moves.
You were level 8 with a maximum of 63 hit points when you died.

